2161 views
Uploaded 2025-04-25 23:56:29
Game version 1.00 (6115)
62:26 long 2on2 ladder game on (4)Goldshire
Saved by Cabeelibob
2161 views
Uploaded 2025-04-25 23:56:29
Game version 1.00 (6115)
62:26 long 2on2 ladder game on (4)Goldshire


155 units @ 22k
/ 3.7k
82 buildings @ 10.1k
/ 4.9k


| Healing Salve | 3 | 300 |
| Lesser Clarity Potion | 4 | 280 |
| Potion of Healing | 2 | 300 |
| Scroll of Town Portal | 5 | 1750 |
| total: | 14 | 2630g |
| Peon | 15 | 1125 | / | 0 |
| Grunt | 5 | 1000 | / | 0 |
| Spirit Walker | 1 | 195 | / | 35 |
| Raider | 5 | 900 | / | 200 |
| Demolisher | 7 | 1540 | / | 350 |
| Wind Rider | 6 | 1590 | / | 240 |
| Troll Headhunter | 11 | 1540 | / | 220 |
| Shaman | 2 | 260 | / | 40 |
| Troll Batrider | 12 | 1920 | / | 480 |
| Troll Berserker | 8 | 1120 | / | 160 |
| Troll Witch Doctor | 4 | 580 | / | 100 |
| Tauren | 2 | 560 | / | 160 |
| Goblin Zeppelin | 1 | 240 | / | 60 |
| total: | 79 | 12570g | / | 2045w |
| Watch Tower | 3 | 330 | / | 240 |
| Altar of Storms | 1 | 180 | / | 50 |
| Orc Burrow | 8 | 1280 | / | 320 |
| Barracks | 2 | 360 | / | 100 |
| War Mill | 1 | 205 | / | 0 |
| Voodoo Lounge | 3 | 390 | / | 90 |
| Great Hall | 3 | 1155 | / | 555 |
| Tauren Totem | 1 | 135 | / | 155 |
| Beastiary | 2 | 290 | / | 280 |
| Spirit Lodge | 1 | 150 | / | 150 |
| Stronghold | 2 | 630 | / | 380 |
| Fortress | 2 | 650 | / | 380 |
| total: | 25 | 4475g | / | 1940w |
| 0:02 | Peon |
| 0:02 | Peon |
| 0:11 | Peon |
| 0:19 | Altar of Storms |
| 0:37 | Orc Burrow |
| 0:40 | Peon |
| 0:49 | Barracks |
| 0:51 | Peon |
| 1:12 | Peon |
| 1:16 | Peon |
| 1:38 | Peon |
| 1:51 | Grunt |
| 1:57 | War Mill |
| 2:22 | Orc Burrow |
| 2:27 | Feral Spirit |
| 2:36 | Stronghold |
| 2:54 | Voodoo Lounge |
| 3:14 | Grunt |
| 3:39 | Grunt |
| 3:43 | Orc Burrow |
| 4:05 | Chain Lighting |
| 4:28 | Grunt |
| 4:59 | Berserker Strength |
| 5:00 | Reinforced Defenses |
| 5:04 | Tauren Totem |
| 5:48 | Orc Burrow |
| 5:54 | Feral Spirit |
| 6:08 | Beastiary |
| 6:12 | Healing Wave |
| 6:20 | Healing Salve |
| 6:21 | Lesser Clarity Potion |
| 6:30 | Spirit Walker Adept Training |
| 6:35 | Steel Armor |
| 7:02 | Watch Tower |
| 7:06 | Spirit Walker |
| 7:08 | Peon |
| 7:23 | Raider |
| 8:04 | Grunt |
| 8:21 | Great Hall |
| 9:05 | Ensnare |
| 9:07 | Fortress |
| 9:16 | Orc Burrow |
| 9:32 | Steel Melee Weapons |
| 9:56 | Raider |
| 9:59 | Orc Burrow |
| 10:47 | Peon |
| 10:47 | Peon |
| 10:47 | Peon |
| 10:48 | Peon |
| 10:53 | Demolisher |
| 10:58 | Orc Burrow |
| 11:00 | Orc Burrow |
| 11:08 | Pillage |
| 11:23 | Thorium Melee Weapons |
| 11:27 | Wind Rider |
| 11:37 | Burning Oil |
| 12:06 | Demolisher |
| 12:23 | Raider |
| 12:37 | Wind Rider |
| 12:37 | Wind Rider |
| 13:07 | Demolisher |
| 13:12 | Beastiary |
| 13:16 | Steel Ranged Weapons |
| 13:33 | Lesser Clarity Potion |
| 13:35 | Healing Salve |
| 13:55 | Scroll of Town Portal |
| 14:06 | Wind Rider |
| 14:21 | Spirit Lodge |
| 14:54 | Wind Rider |
| 15:19 | Wind Rider |
| 15:50 | Goblin Zeppelin |
| 16:02 | Troll Headhunter |
| 16:02 | Troll Headhunter |
| 16:15 | Barracks |
| 16:30 | Troll Headhunter |
| 16:30 | Troll Headhunter |
| 16:31 | Troll Headhunter |
| 16:58 | Voodoo Lounge |
| 17:02 | Troll Headhunter |
| 17:23 | Troll Regeneration |
| 17:48 | Great Hall |
| 18:01 | Troll Headhunter |
| 18:29 | Hex |
| 19:21 | Watch Tower |
| 19:23 | Watch Tower |
| 19:33 | Healing Salve |
| 19:44 | Troll Headhunter |
| 20:06 | Troll Headhunter |
| 20:19 | Scroll of Town Portal |
| 20:35 | Troll Headhunter |
| 20:38 | Peon |
| 20:38 | Peon |
| 20:55 | Thorium Ranged Weapons |
| 21:34 | Shaman Adept Training |
| 22:39 | Troll Headhunter |
| 22:56 | Chain Lighting |
| 23:16 | Shaman Master Training |
| 23:26 | Demolisher |
| 23:29 | Arcanite Ranged Weapons |
| 23:44 | Scroll of Town Portal |
| 24:09 | Demolisher |
| 24:29 | Lesser Clarity Potion |
| 24:53 | Potion of Healing |
| 24:58 | Shaman |
| 24:58 | Shaman |
| 25:10 | Berserker Upgrade |
| 25:22 | Troll Batrider |
| 25:23 | Troll Batrider |
| 25:23 | Troll Batrider |
| 27:57 | Troll Batrider |
| 27:57 | Troll Batrider |
| 29:08 | Raider |
| 29:09 | Raider |
| 31:17 | Voodoo Lounge |
| 32:05 | Troll Berserker |
| 32:05 | Troll Berserker |
| 36:03 | Troll Witch Doctor |
| 36:55 | Troll Batrider |
| 41:32 | Great Hall |
| 43:42 | Troll Witch Doctor |
| 44:32 | Troll Berserker |
| 45:27 | Troll Berserker |
| 45:28 | Troll Berserker |
| 46:09 | Troll Berserker |
| 47:05 | Demolisher |
| 47:53 | Demolisher |
| 47:55 | Witch Doctor Adept Training |
| 48:25 | Troll Witch Doctor |
| 48:47 | Troll Berserker |
| 49:00 | Troll Batrider |
| 49:00 | Troll Batrider |
| 49:03 | Troll Batrider |
| 49:30 | Witch Doctor Master Training |
| 49:42 | Troll Batrider |
| 50:10 | Troll Batrider |
| 50:10 | Troll Batrider |
| 50:23 | Troll Berserker |
| 51:22 | Tauren |
| 51:41 | Healing Wave |
| 52:45 | Scroll of Town Portal |
| 52:49 | Potion of Healing |
| 54:07 | Tauren |
| 54:55 | Troll Witch Doctor |
| 56:06 | Scroll of Town Portal |
| 56:33 | Lesser Clarity Potion |
| Right click | 4440 |
| Select group | 1762 |
| Select | 1451 |
| Misc. action | 398 |
| Build/train/purchase | 254 |
| Assign group | 235 |
| Use ability | 147 |
| Esc | 16 |
| Minimap ping | 7 |
| Resource trade | 5 |
| Item give/drop | 4 |



x1)
| Scroll of Regeneration | 5 | 500 |
| Potion of Healing | 2 | 300 |
| Staff of Sanctuary | 2 | 500 |
| Lesser Clarity Potion | 3 | 210 |
| Scroll of Healing | 1 | 250 |
| Scroll of Town Portal | 4 | 1400 |
| Potion of Lesser Invulnerability | 1 | 150 |
| Tome of Retraining | 1 | 300 |
| Staff of Teleportation | 1 | 150 |
| total: | 20 | 3760g |
| Peasant | 24 | 1800 | / | 0 |
| Footman | 10 | 1350 | / | 0 |
| Mortar Team | 4 | 720 | / | 280 |
| Dragonhawk Rider | 5 | 1000 | / | 150 |
| Gryphon Rider | 2 | 560 | / | 140 |
| Flying Machine | 25 | 2500 | / | 750 |
| Rifleman | 2 | 410 | / | 60 |
| Knight | 2 | 490 | / | 120 |
| Goblin Shredder | 1 | 375 | / | 100 |
| Goblin Zeppelin | 1 | 240 | / | 60 |
| total: | 76 | 9445g | / | 1660w |
| Scout Tower | 28 | 840 | / | 560 |
| Arcane Tower | 2 | 140 | / | 100 |
| Guard Tower | 12 | 840 | / | 600 |
| Altar of Kings | 1 | 180 | / | 50 |
| Farm | 13 | 1040 | / | 260 |
| Barracks | 1 | 160 | / | 60 |
| Town Hall | 6 | 2310 | / | 1230 |
| Arcane Vault | 1 | 130 | / | 30 |
| Lumber Mill | 1 | 120 | / | 0 |
| Blacksmith | 1 | 140 | / | 60 |
| Workshop | 2 | 280 | / | 280 |
| Gryphon Aviary | 3 | 420 | / | 450 |
| Keep | 1 | 320 | / | 210 |
| Castle | 1 | 360 | / | 210 |
| total: | 57 | 5620g | / | 2980w |
| 0:04 | Peasant |
| 0:04 | Peasant |
| 0:10 | Altar of Kings |
| 0:22 | Farm |
| 0:24 | Barracks |
| 0:27 | Peasant |
| 0:37 | Peasant |
| 0:37 | Peasant |
| 0:50 | Peasant |
| 0:51 | Peasant |
| 1:01 | Farm |
| 1:17 | Peasant |
| 1:25 | Scout Tower |
| 1:26 | Footman |
| 1:33 | Peasant |
| 1:45 | Footman |
| 1:53 | Farm |
| 1:55 | Arcane Tower |
| 2:01 | Peasant |
| 2:14 | Summon Water Elemental |
| 2:26 | Peasant |
| 2:26 | Peasant |
| 2:29 | Footman |
| 2:37 | Farm |
| 3:15 | Scout Tower |
| 3:28 | Brilliance Aura |
| 3:34 | Town Hall |
| 3:42 | Scout Tower |
| 3:44 | Peasant |
| 3:44 | Peasant |
| 3:52 | Arcane Vault |
| 4:23 | Peasant |
| 4:23 | Peasant |
| 4:29 | Arcane Tower |
| 5:07 | Goblin Shredder |
| 5:19 | Footman |
| 5:20 | Footman |
| 5:24 | Peasant |
| 5:24 | Peasant |
| 5:40 | Peasant |
| 5:54 | Summon Water Elemental |
| 6:04 | Keep |
| 6:07 | Lumber Mill |
| 6:22 | Peasant |
| 6:24 | Blacksmith |
| 6:28 | Scout Tower |
| 6:32 | Defend |
| 6:40 | Scout Tower |
| 6:58 | Scroll of Regeneration |
| 7:03 | Scroll of Regeneration |
| 7:21 | Footman |
| 7:22 | Footman |
| 7:25 | Guard Tower |
| 7:27 | Scout Tower |
| 7:42 | Iron Forged Swords |
| 7:49 | Farm |
| 7:53 | Farm |
| 7:54 | Farm |
| 7:54 | Farm |
| 7:56 | Farm |
| 7:57 | Guard Tower |
| 8:57 | Castle |
| 8:59 | Workshop |
| 9:06 | Farm |
| 9:08 | Goblin Zeppelin |
| 9:24 | Black Gunpowder |
| 9:31 | Workshop |
| 9:47 | Studded Leather Armor |
| 9:54 | Scroll of Regeneration |
| 9:55 | Potion of Healing |
| 9:59 | Flame Strike |
| 10:04 | Mortar Team |
| 10:06 | Gryphon Aviary |
| 11:16 | Dragonhawk Rider |
| 11:20 | Flare |
| 11:21 | Fragmentation Shards |
| 11:39 | Town Hall |
| 11:48 | Cloud |
| 12:53 | Dragonhawk Rider |
| 12:53 | Dragonhawk Rider |
| 13:03 | Mortar Team |
| 13:14 | Staff of Sanctuary |
| 13:14 | Potion of Healing |
| 13:15 | Scroll of Regeneration |
| 13:16 | Holy Light |
| 13:26 | Gryphon Aviary |
| 13:29 | Gryphon Aviary |
| 13:40 | Lesser Clarity Potion |
| 13:42 | Footman |
| 13:43 | Footman |
| 14:01 | Mortar Team |
| 14:28 | Footman |
| 14:29 | Dragonhawk Rider |
| 14:31 | Storm Hammers |
| 14:35 | Mortar Team |
| 15:21 | Dragonhawk Rider |
| 15:24 | Gryphon Rider |
| 15:26 | Farm |
| 15:33 | Siphon Mana |
| 15:44 | Farm |
| 15:46 | Refined Gunpowder |
| 15:47 | Steel Forged Swords |
| 15:49 | Divine Shield |
| 15:54 | Peasant |
| 15:54 | Peasant |
| 16:02 | Potion of Lesser Invulnerability |
| 16:17 | Flying Machine |
| 16:17 | Flak Cannons |
| 16:18 | Flying Machine |
| 16:18 | Flying Machine |
| 16:18 | Flying Machine |
| 16:19 | Flying Machine |
| 16:19 | Flying Machine |
| 16:19 | Flying Machine |
| 16:34 | Tome of Retraining |
| 16:34 | Retrain Hero |
| 16:34 | Scroll of Healing |
| 16:37 | Blizzard |
| 16:37 | Brilliance Aura |
| 17:36 | Farm |
| 17:40 | Improved Masonry |
| 18:22 | Flying Machine |
| 18:22 | Flying Machine |
| 18:22 | Flying Machine |
| 18:22 | Flying Machine |
| 18:22 | Flying Machine |
| 18:22 | Flying Machine |
| 18:23 | Flying Machine |
| 18:32 | Scroll of Town Portal |
| 18:39 | Staff of Sanctuary |
| 18:56 | Flying Machine |
| 19:18 | Imbued Gunpowder |
| 19:33 | Scout Tower |
| 19:34 | Scout Tower |
| 19:43 | Scroll of Town Portal |
| 20:08 | Flying Machine |
| 20:09 | Guard Tower |
| 20:10 | Scout Tower |
| 20:22 | Flying Machine |
| 20:26 | Scout Tower |
| 20:28 | Scout Tower |
| 20:29 | Scout Tower |
| 20:31 | Scout Tower |
| 20:38 | Guard Tower |
| 21:38 | Flame Strike |
| 21:39 | Holy Light |
| 21:46 | Guard Tower |
| 21:51 | Town Hall |
| 21:54 | Brilliance Aura |
| 21:56 | Scroll of Town Portal |
| 22:10 | Lesser Clarity Potion |
| 22:18 | Flying Machine |
| 23:19 | Peasant |
| 23:19 | Peasant |
| 23:38 | Flying Machine |
| 23:38 | Flying Machine |
| 23:39 | Flying Machine |
| 23:42 | Reinforced Leather Armor |
| 25:06 | Flying Machine |
| 25:07 | Flying Machine |
| 25:18 | Scroll of Regeneration |
| 25:40 | Flying Machine |
| 25:40 | Flying Machine |
| 25:47 | Iron Plating |
| 25:47 | Steel Plating |
| 25:53 | Scroll of Town Portal |
| 26:35 | Scout Tower |
| 26:36 | Scout Tower |
| 26:50 | Mithril Plating |
| 27:33 | Guard Tower |
| 27:38 | Scout Tower |
| 27:38 | Scout Tower |
| 27:47 | Scout Tower |
| 27:47 | Scout Tower |
| 27:48 | Scout Tower |
| 27:48 | Scout Tower |
| 27:50 | Scout Tower |
| 28:14 | Guard Tower |
| 28:19 | Town Hall |
| 28:46 | Guard Tower |
| 28:51 | Town Hall |
| 28:54 | Scout Tower |
| 28:55 | Scout Tower |
| 29:28 | Guard Tower |
| 29:37 | Town Hall |
| 29:50 | Scout Tower |
| 29:51 | Scout Tower |
| 30:37 | Guard Tower |
| 38:07 | Sundering Blades |
| 38:07 | Animal War Training |
| 38:48 | Scout Tower |
| 39:19 | Guard Tower |
| 41:28 | Scout Tower |
| 41:32 | Rifleman |
| 41:33 | Long Rifles |
| 43:20 | Rifleman |
| 43:32 | Guard Tower |
| 49:33 | Knight |
| 50:17 | Knight |
| 54:53 | Siphon Mana |
| 56:14 | Lesser Clarity Potion |
| 56:52 | Staff of Teleportation |
| 61:38 | Gryphon Rider |
| Right click | 2091 |
| Select group | 993 |
| Select | 813 |
| Build/train/purchase | 301 |
| Use ability | 146 |
| Misc. action | 144 |
| Assign group | 49 |
| Resource trade | 10 |
| Esc | 9 |
| Item give/drop | 8 |
| Minimap ping | 8 |
/ 1k
87 buildings @ 6.5k
/ 3.1k
DudeWhy
(236)
(62:25) : 


| Peasant | 18 | 1350 | / | 0 |
| Mortar Team | 5 | 900 | / | 350 |
| Flying Machine | 12 | 1200 | / | 360 |
| Siege Engine | 1 | 195 | / | 60 |
| Knight | 4 | 980 | / | 240 |
| total: | 40 | 4625g | / | 1010w |
| Scout Tower | 14 | 420 | / | 280 |
| Arcane Tower | 2 | 140 | / | 100 |
| Guard Tower | 5 | 350 | / | 250 |
| Altar of Kings | 2 | 360 | / | 100 |
| Lumber Mill | 2 | 240 | / | 0 |
| Farm | 15 | 1200 | / | 300 |
| Town Hall | 1 | 385 | / | 205 |
| Blacksmith | 1 | 140 | / | 60 |
| Arcane Vault | 1 | 130 | / | 30 |
| Barracks | 1 | 160 | / | 60 |
| Workshop | 3 | 420 | / | 420 |
| Gryphon Aviary | 1 | 140 | / | 150 |
| Keep | 1 | 320 | / | 210 |
| Castle | 1 | 360 | / | 210 |
| total: | 41 | 3595g | / | 1605w |
| 0:02 | Peasant |
| 0:04 | Peasant |
| 0:08 | Altar of Kings |
| 0:19 | Lumber Mill |
| 0:20 | Peasant |
| 0:23 | Peasant |
| 0:34 | Farm |
| 0:35 | Peasant |
| 0:48 | Farm |
| 0:58 | Peasant |
| 1:12 | Peasant |
| 1:21 | Scout Tower |
| 1:22 | Improved Lumber Harvesting |
| 1:24 | Peasant |
| 1:32 | Scout Tower |
| 1:43 | Peasant |
| 1:58 | Farm |
| 2:01 | Arcane Tower |
| 2:02 | Peasant |
| 2:22 | Peasant |
| 2:28 | Storm Bolt |
| 3:05 | Town Hall |
| 3:09 | Scout Tower |
| 3:16 | Scout Tower |
| 3:16 | Scout Tower |
| 3:31 | Peasant |
| 3:37 | Peasant |
| 3:40 | Scout Tower |
| 3:47 | Arcane Tower |
| 3:58 | Peasant |
| 4:09 | Guard Tower |
| 4:29 | Peasant |
| 4:30 | Peasant |
| 4:34 | Guard Tower |
| 4:51 | Peasant |
| 4:54 | Scout Tower |
| 5:16 | Keep |
| 5:20 | Blacksmith |
| 5:37 | Bash |
| 5:38 | Bash |
| 5:49 | Improved Masonry |
| 5:52 | Peasant |
| 6:02 | Guard Tower |
| 6:07 | Guard Tower |
| 6:36 | Black Gunpowder |
| 7:37 | Castle |
| 7:39 | Workshop |
| 7:40 | Workshop |
| 7:41 | Workshop |
| 7:45 | Refined Gunpowder |
| 7:47 | Iron Plating |
| 8:50 | Flak Cannons |
| 8:51 | Flare |
| 8:52 | Mortar Team |
| 8:57 | Farm |
| 8:57 | Farm |
| 8:58 | Farm |
| 9:09 | Holy Light |
| 9:40 | Advanced Lumber Harvesting |
| 9:41 | Advanced Masonry |
| 10:24 | Fragmentation Shards |
| 10:24 | Flying Machine Bombs |
| 10:27 | Scout Tower |
| 10:28 | Scout Tower |
| 10:29 | Scout Tower |
| 10:43 | Imbued Gunpowder |
| 10:55 | Farm |
| 10:55 | Farm |
| 10:56 | Farm |
| 10:57 | Farm |
| 10:57 | Farm |
| 10:58 | Farm |
| 10:59 | Farm |
| 11:00 | Farm |
| 11:01 | Farm |
| 11:26 | Guard Tower |
| 11:31 | Scout Tower |
| 11:32 | Scout Tower |
| 11:36 | Scout Tower |
| 13:07 | Flying Machine |
| 13:08 | Flying Machine |
| 13:08 | Flying Machine |
| 13:08 | Flying Machine |
| 13:08 | Flying Machine |
| 13:08 | Flying Machine |
| 13:08 | Flying Machine |
| 13:48 | Arcane Vault |
| 13:57 | Lumber Mill |
| 14:14 | Steel Plating |
| 14:16 | Flying Machine |
| 14:17 | Flying Machine |
| 14:18 | Flying Machine |
| 14:28 | Flying Machine |
| 15:28 | Scout Tower |
| 15:37 | Flying Machine |
| 17:39 | Gryphon Aviary |
| 18:23 | Storm Bolt |
| 18:24 | Storm Bolt |
| 18:26 | Divine Shield |
| 18:27 | Divine Shield |
| 19:26 | Barrage |
| 19:27 | Siege Engine |
| 20:11 | Mithril Plating |
| 21:38 | Holy Light |
| 21:39 | Holy Light |
| 23:31 | Altar of Kings |
| 23:42 | Mortar Team |
| 25:27 | Mortar Team |
| 25:32 | Bash |
| 25:34 | Bash |
| 27:22 | Brilliance Aura |
| 35:28 | Mortar Team |
| 36:33 | Divine Shield |
| 45:09 | Mortar Team |
| 47:19 | Storm Bolt |
| 48:05 | Barracks |
| 48:39 | Knight |
| 48:41 | Knight |
| 49:27 | Knight |
| 50:15 | Knight |
| 52:27 | Storm Bolt |
| 53:11 | Divine Shield |
| 53:54 | Holy Light |
| 54:38 | Blizzard |
| 54:40 | Holy Light |
| 61:38 | Brilliance Aura |
| 62:06 | Avatar |
| Right click | 3884 |
| Select group | 1604 |
| Select | 548 |
| Use ability | 275 |
| Misc. action | 120 |
| Build/train/purchase | 111 |
| Resource trade | 32 |
| Assign group | 19 |
| Minimap ping | 12 |
| Remove unit | 1 |
| Esc | 1 |


| Peasant | 15 | 1125 | / | 0 |
| total: | 15 | 1125g | / | 0w |
| Scout Tower | 37 | 1110 | / | 740 |
| Arcane Tower | 6 | 420 | / | 300 |
| Guard Tower | 22 | 1540 | / | 1100 |
| Altar of Kings | 1 | 180 | / | 50 |
| Farm | 3 | 240 | / | 60 |
| Lumber Mill | 2 | 240 | / | 0 |
| Town Hall | 3 | 1155 | / | 615 |
| Keep | 1 | 320 | / | 210 |
| total: | 46 | 2925g | / | 1465w |
| 0:04 | Altar of Kings |
| 0:07 | Farm |
| 0:08 | Peasant |
| 0:18 | Peasant |
| 0:26 | Peasant |
| 0:48 | Peasant |
| 0:58 | Lumber Mill |
| 1:01 | Farm |
| 1:07 | Scout Tower |
| 1:12 | Peasant |
| 1:30 | Peasant |
| 1:34 | Arcane Tower |
| 1:36 | Peasant |
| 1:47 | Scout Tower |
| 1:51 | Peasant |
| 2:01 | Improved Lumber Harvesting |
| 2:03 | Peasant |
| 2:08 | Storm Bolt |
| 2:33 | Peasant |
| 2:37 | Guard Tower |
| 2:56 | Peasant |
| 2:56 | Peasant |
| 2:57 | Peasant |
| 3:03 | Farm |
| 3:18 | Scout Tower |
| 3:19 | Scout Tower |
| 3:20 | Scout Tower |
| 3:26 | Scout Tower |
| 3:35 | Peasant |
| 3:38 | Improved Masonry |
| 3:45 | Peasant |
| 3:50 | Guard Tower |
| 3:52 | Guard Tower |
| 3:54 | Guard Tower |
| 3:57 | Scout Tower |
| 3:58 | Scout Tower |
| 3:59 | Scout Tower |
| 4:22 | Scout Tower |
| 4:23 | Scout Tower |
| 4:24 | Scout Tower |
| 4:28 | Guard Tower |
| 4:29 | Guard Tower |
| 4:34 | Keep |
| 4:45 | Scout Tower |
| 4:45 | Scout Tower |
| 4:48 | Scout Tower |
| 5:03 | Guard Tower |
| 5:06 | Guard Tower |
| 5:17 | Scout Tower |
| 5:18 | Scout Tower |
| 5:18 | Scout Tower |
| 5:20 | Guard Tower |
| 5:27 | Guard Tower |
| 5:29 | Guard Tower |
| 5:42 | Scout Tower |
| 5:43 | Scout Tower |
| 5:47 | Guard Tower |
| 5:55 | Guard Tower |
| 5:56 | Guard Tower |
| 6:13 | Scout Tower |
| 6:14 | Scout Tower |
| 6:15 | Scout Tower |
| 6:17 | Guard Tower |
| 6:34 | Scout Tower |
| 6:38 | Scout Tower |
| 6:39 | Scout Tower |
| 6:41 | Scout Tower |
| 6:42 | Scout Tower |
| 6:42 | Scout Tower |
| 6:43 | Scout Tower |
| 6:48 | Guard Tower |
| 6:54 | Guard Tower |
| 6:56 | Scout Tower |
| 6:59 | Arcane Tower |
| 7:07 | Arcane Tower |
| 7:10 | Arcane Tower |
| 7:16 | Guard Tower |
| 7:19 | Scout Tower |
| 7:29 | Guard Tower |
| 8:21 | Advanced Masonry |
| 8:42 | Lumber Mill |
| 8:53 | Holy Light |
| 9:26 | Arcane Tower |
| 9:28 | Arcane Tower |
| 9:31 | Guard Tower |
| 13:32 | Scout Tower |
| 13:32 | Scout Tower |
| 14:15 | Guard Tower |
| 14:17 | Guard Tower |
| 14:20 | Scout Tower |
| 14:21 | Scout Tower |
| 14:22 | Scout Tower |
| 17:03 | Town Hall |
| 17:16 | Town Hall |
| 18:32 | Town Hall |
| Right click | 1924 |
| Select group | 1239 |
| Select | 331 |
| Misc. action | 75 |
| Build/train/purchase | 69 |
| Assign group | 25 |
| Use ability | 23 |
| Resource trade | 18 |
| Minimap ping | 6 |
| Esc | 2 |